 Dungeon Crawl Stone Soup version 0.29-a0-993-g4a18f31a58 (webtiles) character file.

Game seed: 5042300445470275086

4412 Anon1729 the Skirmisher (level 10, -4/88 HPs)
             Began as a Minotaur Monk on Aug 2, 2022.
             Was a Follower of Dithmenos.
             Slain by a two-headed ogre
             ... wielding a +0 giant club
              (28 damage)
             ... on level 8 of the Dungeon.
             The game lasted 00:16:26 (11950 turns).

Anon1729 the Skirmisher (Minotaur Monk)            Turns: 11950, Time: 00:16:26

Health: -4/88      AC: 14    Str: 15    XL:     10   Next: 14%
Magic:  10/10      EV: 14    Int:  7    God:    Dithmenos [*.....]
Gold:   457        SH:  0    Dex: 18    Spells: 9/9 levels left

rFire   + . .      SeeInvis .   B - +5 scimitar
rCold   . . .      Faith    .   (no shield)
rNeg    . . .      Spirit   .   i - +2 ring mail {rF+}
rPois   +          Reflect  .   p - +2 hood of the Assassin {Detection Stab+ Stlth++}
rElec   .          Harm     .   (no cloak)
rCorr   .          Rampage  .   n - +0 pair of gloves
Will    .....                   (no boots)
Stlth   +++++.....              (no amulet)
HPRegen 0.24/turn               l - +4 ring of protection
MPRegen 0.12/turn               m - ring of poison resistance

@: wreathed by umbra
A: horns 2, retaliatory headbutt, hooves 1, poison resistance, MP-powered wands
a: Renounce Religion


You were on level 8 of the Dungeon.
You worshipped Dithmenos.
Dithmenos was aware of your devotion.
You visited 2 branches of the dungeon, and saw 10 of its levels.

You collected 470 gold pieces.
You spent 13 gold pieces at shops.

Inventory:

Hand Weapons
 B - a +5 scimitar (weapon)
Armour
 i - a +2 ring mail of fire resistance (worn)
 j - a +0 leather armour
 n - a +0 pair of gloves (worn)
 p - the +2 hood of the Assassin (worn) {Detection Stab+ Stlth++}
   (You found it on level 8 of the Dungeon)

   It allows the wearer to sense nearby creatures.
   It allows the wearer to make particularly effective stabbing attacks against
   helpless or unaware enemies with any weapon.
   Stlth:     It makes you much more stealthy.
 z - the +2 scale mail of the Tick {rElec rF- Dex+4}
   (You found it on level 6 of the Dungeon)

   Dex:       It affects your dexterity (+4).
   rF:        It makes you vulnerable to fire.
   rElec:     It insulates you from electricity.
Jewellery
 l - a +4 ring of protection (left hand)
 m - a ring of poison resistance (right hand)
 u - a ring of magical power
 v - a ring of willpower
 y - an amulet of the acrobat
 A - a ring of see invisible
Wands
 w - a wand of digging (2)
Scrolls
 a - 2 scrolls of enchant weapon {unknown}
 b - a scroll of fog
 c - a scroll of brand weapon
 d - a scroll of vulnerability {unknown}
 e - 4 scrolls of teleportation
 g - 3 scrolls of immolation
 h - a scroll of blinking
 o - 3 scrolls of magic mapping
 q - a scroll of fear
 s - 3 scrolls of noise
 t - a scroll of amnesia
 x - a scroll of enchant armour {unknown}
Potions
 f - a potion of haste
 k - a potion of cancellation


   Skills:
 + Level 7.9 Fighting
 + Level 7.9 Long Blades
 * Level 9.0 Ranged Weapons
 + Level 7.2 Dodging
 + Level 5.5 Stealth
 * Level 2.6 Invocations
 + Level 1.5 Evocations


You had 9 spell levels left.
You didn't know any spells.
Your spell library contained the following spells:

 Spells                   Type           Power      Damage    Failure   Level
 Magic Dart               Conj           0%         1d3       67%         1
 Sandblast                Erth           0%         2d4       67%         1
 Call Imp                 Summ           0%         N/A       80%         2
 Passwall                 Tmut/Erth      0%         N/A       80%         2
 Sublimation of Blood     Necr           0%         N/A       80%         2
 Frozen Ramparts          Ice            0%         1d8       95%         3
 Mephitic Cloud           Conj/Pois/Air  0%         N/A       95%         3
 Portal Projectile        Hex/Tloc       0%         N/A       95%         3
 Stone Arrow              Conj/Erth      0%         3d7       95%         3
 Tukima's Dance           Hex            0%         N/A       95%         3
 Ice Form                 Ice/Tmut       0%         N/A       100%        4
 Petrify                  Tmut/Erth      0%         N/A       100%        4
 Summon Ice Beast         Ice/Summ       0%         N/A       100%        4
 Blade Hands              Tmut           0%         N/A       100%        5
 Irradiate                Conj/Tmut      0%         3d11      100%        5
 Conjure Ball Lightning   Conj/Air       0%         3x3d6     100%        6
 Discord                  Hex            0%         N/A       100%        8
 Disjunction              Tloc           0%         N/A       100%        8


Dungeon Overview and Level Annotations

Branches:
Dungeon (9/15)             Temple (1/1) D:7            Lair (0/5) D:8
    Orc: D:9-12

Altars:
Ashenzari
Cheibriados
Dithmenos
Elyvilon
Fedhas
Gozag
Kikubaaqudgha
Makhleb
Nemelex Xobeh
Qazlal
Ru
Sif Muna
Uskayaw
Vehumet
Wu Jian
Xom
Yredelemnul
Zin
The Shining One

Shops:
D:1 !

Annotations:
D:4 exclusion: ogre
D:6 Maggie


Innate Abilities, Weirdness & Mutations

You have a pair of horns on your head.
You reflexively headbutt those who attack you in melee.
You have large cloven feet.
Your system is resistant to poisons. (rPois)
You expend magic power (3 MP) to strengthen your wands.


Message History

The two-headed ogre is moderately wounded.
The kobold brigand misses you.
The two-headed ogre hits you but does no damage. x2
You hit the two-headed ogre but do no damage.
Your kick misses the two-headed ogre.
Your headbutt misses the two-headed ogre.
Your punch misses the two-headed ogre.
The two-headed ogre is moderately wounded.
The kobold brigand misses you. You furiously retaliate!
You headbutt the kobold brigand. You slice the two-headed ogre!!
You kick the two-headed ogre.
The two-headed ogre is heavily wounded.
The two-headed ogre hits you with a +0 giant club!
The two-headed ogre barely misses you. The kobold brigand misses you.
You slash the two-headed ogre!
You kick the two-headed ogre, but do no damage.
Your headbutt misses the two-headed ogre.
The two-headed ogre is severely wounded.
The kobold brigand misses you.
The two-headed ogre hits you but does no damage.
The two-headed ogre closely misses you.
You barely miss the two-headed ogre. You kick the two-headed ogre.
You headbutt the two-headed ogre.
The two-headed ogre is severely wounded.
The kobold brigand closely misses you. You furiously retaliate!
You headbutt the kobold brigand, but do no damage.
You barely miss the two-headed ogre.
You kick the two-headed ogre, but do no damage.
The two-headed ogre is severely wounded.
The two-headed ogre hits you with a +0 giant club!!
The two-headed ogre hits you with a +0 giant club!
The kobold brigand hits you with a +0 short sword.
You barely miss the two-headed ogre. You kick the two-headed ogre.
You headbutt the two-headed ogre.
The two-headed ogre is almost dead.
The kobold brigand hits you but does no damage.
The two-headed ogre hits you with a +0 giant club.
* * * LOW HITPOINT WARNING * * *
The two-headed ogre hits you with a +0 giant club!!
You die...

........# #..#..#
#.# ........#
#..#..####.#
...<....#
#..#.......#
........#
#..#...#####
######### #..#...#
#..#...# ####...#
#....O)# #...[@.#
#.#.##K# ## #######
#......# .# #..#..#
#.#.#### .# ##.#..#
#.#.# .# #....# #
#.#
.#####...#####.####
..(..#............#
#....##.######.##.#


You could see a two-headed ogre and a kobold brigand.

Vanquished Creatures
  Joseph (D:7)
  2 kobold demonologists
  A hornet (D:4)
  Sigmund (D:4)
  A wyvern (D:7)
  A steam dragon (D:7)
  Edmund (D:6)
  An ice beast (D:7)
  A black bear (D:7)
  Duvessa (D:5)
  2 orc warriors
  An ogre (D:5)
  A centaur (D:6)
  A phantom (D:5)
  A kobold brigand (D:8)
  2 bullfrogs
  4 scorpions
  Dowan (D:5)
  5 wights (D:8)
  5 killer bees (D:6)
  9 orc priests
  5 hounds
  3 jellies
  Ijyb (D:4)
  A gnoll bouda (D:5)
  An iguana (D:5)
  Terence (D:3)
  Natasha (thrice) (D:3)
  7 orc wizards
  8 gnolls (D:5)
  7 adders
  A shadow imp (D:6)
  A white imp (D:7)
  2 ufetubi
  4 worms
  A dart slug (D:8)
  28 orcs
  4 bats
  5 endoplasms
  4 giant cockroaches
  5 goblins
  11 hobgoblins
  3 jackals (D:1)
  8 kobolds
  6 quokkas
  8 ball pythons
  3 frilled lizards
  4 rats
178 creatures vanquished.

Notes
Turn   | Place    | Note
-------+----------+-------------------------------------------
     0 | D:1      | Anon1729 the Minotaur Monk began the quest for the Orb.
     0 | D:1      | Reached XP level 1. HP: 19/19 MP: 0/0
    31 | D:1      | Found a faded altar of an unknown god.
   126 | D:1      | Found Kawkiyfe's Distillery.
   208 | D:1      | Bought a potion of degeneration for 13 gold pieces
   267 | D:1      | Reached XP level 2. HP: 27/27 MP: 1/1
   895 | D:1      | Prayed at the altar of an unknown god.
   895 | D:1      | Became a worshipper of Sif Muna the Loreminder
   895 | D:1      | Reached * piety under Sif Muna
   895 | D:1      | Reached ** piety under Sif Muna
   896 | D:1      | Fell from the grace of Sif Muna
  1312 | D:2      | Reached XP level 3. HP: 22/33 MP: 2/2
  1482 | D:2      | Reached skill level 1 in Ranged Weapons
  2117 | D:3      | Noticed Terence
  2139 | D:3      | Killed Terence
  2140 | D:3      | Reached XP level 4. HP: 35/40 MP: 3/3
  2330 | D:3      | Reached skill level 2 in Ranged Weapons
  2424 | D:3      | Noticed Natasha
  2429 | D:3      | Killed Natasha
  2467 | D:3      | Noticed Natasha
  2473 | D:3      | Killed Natasha
  2474 | D:3      | Reached XP level 5. HP: 21/47 MP: 4/4
  2690 | D:3      | Noticed Natasha
  2699 | D:3      | Killed Natasha
  3352 | D:4      | Noticed Sigmund
  3421 | D:4      | Noticed an ogre
  3511 | D:4      | Reached skill level 3 in Ranged Weapons
  3729 | D:4      | Found a white marble altar of Elyvilon.
  3757 | D:4      | Reached XP level 6. HP: 45/53 MP: 5/5
  3940 | D:4      | Noticed a hornet
  4325 | D:4      | Killed Sigmund
  4326 | D:4      | Reached skill level 5 in Fighting
  4326 | D:4      | Reached skill level 5 in Long Blades
  4326 | D:4      | Reached skill level 4 in Ranged Weapons
  4326 | D:4      | Reached XP level 7. HP: 59/61 MP: 6/6
  4357 | D:4      | Noticed Ijyb
  4369 | D:4      | Killed Ijyb
  5451 | D:5      | Entered Level 5 of the Dungeon
  5582 | D:5      | Reached skill level 5 in Dodging
  5685 | D:5      | Reached skill level 5 in Ranged Weapons
  5818 | D:4      | Killed a hornet
  5820 | D:4      | HP: 3/62 [poisoned by a hornet]
  5823 | D:4      | HP: 1/62 [poisoned by a hornet]
  6163 | D:5      | Reached XP level 8. HP: 70/70 MP: 7/7
  6270 | D:5      | Noticed Dowan
  6272 | D:5      | Noticed Duvessa
  6285 | D:5      | Killed Duvessa
  6292 | D:5      | Reached skill level 6 in Ranged Weapons
  6302 | D:5      | Killed Dowan
  6657 | D:5      | HP: 3/70 [orc priest/divine providence (10)]
  7213 | D:5      | Was forgiven by Sif Muna
  8019 | D:6      | Noticed Edmund
  8050 | D:6      | Reached skill level 7 in Ranged Weapons
  8062 | D:6      | HP: 3/71 [Edmund/+5 vorpal flail (1)]
  8064 | D:6      | Gained mutation: Your system is resistant to poisons.
                  | (rPois) [potion of mutation]
  8064 | D:6      | Gained mutation: You have large cloven feet. [potion of
                  | mutation]
  8064 | D:6      | Gained mutation: You expend magic power (3 MP) to
                  | strengthen your wands. [potion of mutation]
  8417 | D:6      | Killed Edmund
  8620 | D:6      | Reached XP level 9. HP: 20/78 MP: 8/8
  9468 | D:6      | Identified the +2 scale mail of the Tick {rElec rF- Dex+4}
  9550 | D:6      | Found a sparkling altar of Nemelex Xobeh.
  9550 | D:6      | Found an ancient bone altar of Kikubaaqudgha.
  9550 | D:6      | Found an ornate altar of the Wu Jian Council.
  9826 | D:7      | Noticed Joseph
  9843 | D:7      | Killed Joseph
  9844 | D:7      | Reached skill level 8 in Ranged Weapons
  9844 | D:7      | Reached skill level 5 in Stealth
 10303 | D:7      | Found a staircase to the Ecumenical Temple.
 10324 | Temple   | Entered the Ecumenical Temple
 10416 | Temple   | Became a worshipper of Dithmenos the Shadowed
 10502 | D:7      | Noticed Maggie
 11105 | D:7      | Reached skill level 1 in Invocations
 11287 | D:7      | Reached skill level 1 in Evocations
 11362 | D:7      | You fall into a shaft and drop 1 floor!
 11509 | D:8      | Found a snail-covered altar of Cheibriados.
 11699 | D:8      | Found the +2 hood of the Assassin {Detection Stab+ Stlth++}
 11757 | D:8      | Reached XP level 10. HP: 71/88 MP: 10/10
 11759 | D:8      | Reached * piety under Dithmenos
 11876 | D:8      | Noticed a death yak
 11878 | D:8      | Found a staircase to the Lair.
 11930 | D:9      | Noticed a two-headed ogre
 11933 | D:9      | Noticed an orange demon
 11940 | D:8      | Reached skill level 9 in Ranged Weapons
 11950 | D:8      | Slain by a two-headed ogre

Illustrated notes

Levels and vault maps discovered:
D:1:      psy_arrival_fountain, layout_basic, chequers_ecumenical_altar_island,
          serial_shops, nicolae_shop_advertising_works
          [nicolae_subvault_shop_adworks]
D:2:      minmay_evil_eye, layout_loops_ring
D:3:      layout_basic, kennysheep_decorative_pillar, uniq_terence, uniq_natasha
D:4:      layout_loops_corners, elyvilon_altar_1, uniq_ijyb, uniq_sigmund
D:5:      layout_basic, serial_curves, eino_curves_01, eino_curves_03,
          st_stairs_4, uniq_duvessa
D:6:      layout_basic, gammafunk_temple_overflow_forgotten, uniq_edmund
D:7:      layout_basic, minmay_temple_entry_drinking_statues, uniq_maggie,
          uniq_joseph, uniq_crazy_yiuf_cottage
D:8:      layout_basic, lemuel_coloured_pillars_altar, kennysheep_slug_shrine,
          dpeg_lair_monsters
D:9:      minmay_goldmine, layout_rooms, zombieorc2_lemuel, minmay_between,
          uniq_grum
Temple:   nicolae_temple_ecumenical_triangle

Skill      XL: |  1  2  3  4  5  6  7  8  9 10 |
---------------+-------------------------------+-----
Stealth        | 2 3 4 5 |  5.5
Long Blades    | 4 5 6 7 |  7.9
Fighting       | 4 5 6 7 |  7.9
Ranged Weapons | 1 2 3 4 5 7 8 9 |  9.0
Dodging        | 4 5 6 7 |  7.2
Invocations    | 2 |  2.6
Evocations     | 1 |  1.5

Action                   |  1- 3 |  4- 6 |  7- 9 | 10-12 || total
-------------------------+-------+-------+-------+-------++-------
Melee: Falchion          |    96 |   107 |   390 |       ||   593
       Headbutt          |    12 |    15 |    75 |     2 ||   104
       Punch             |     1 |       |     8 |       ||     9
       Kick              |       |       |    47 |     8 ||    55
       Scimitar          |       |       |    17 |    17 ||    34
Invok: Renounce Religion |     1 |       |       |       ||     1
Evoke: Wand              |       |       |     1 |       ||     1
  Use: Potion            |     4 |       |     7 |       ||    11
       Scroll            |       |       |    11 |       ||    11
 Stab: Sleeping          |     4 |     4 |     7 |     1 ||    16
       Distracted        |       |       |       |     1 ||     1
Armor: Robe              |     3 |       |       |       ||     3
       Leather armour    |    23 |    36 |    78 |       ||   137
       Ring mail         |       |       |    62 |    11 ||    73
Dodge: Dodged            |    61 |    69 |   292 |    30 ||   452

Table legend: (Time is in decaauts)
 A = Elapsed time spent in this place.
 B = Non-inter-level travel time spent in this place.
 C = Inter-level travel time spent in this place.
 D = Time resting spent in this place.
 E = Time spent auto-exploring this place.
 F = Levels seen in this place.
 G = Mean time per level.
                   A        B        C        D        E       F      G
               +--------+--------+--------+--------+--------+-----+--------+
         Total |  11945 |  11134 |    811 |   2322 |   7076 |  10 | 1194.5 |
       Dungeon |  11847 |  11054 |    793 |   2322 |   7070 |   9 | 1316.3 |
        Temple |     97 |     79 |     18 |      0 |      6 |   1 |   97.0 |
               +--------+--------+--------+--------+--------+-----+--------+

Top non-repeatable levels by time:
     D:4: 3055 daAuts
     D:5: 1940 daAuts
     D:6: 1671 daAuts
     D:3: 1322 daAuts
     D:2: 1171 daAuts
     D:7: 1150 daAuts
     D:1: 945 daAuts
     D:8: 584 daAuts
  Temple: 97 daAuts
     D:9: 5 daAuts
